 Dungeon Crawl Stone Soup version 0.29.1-1-gd02db6906a (webtiles) character file.

Game seed: 2124561726042225360

1112 Kahsius the Ruffian (level 8, 0/70 HPs)
             Began as a Pale Draconian Transmuter on Sept 21, 2022.
             Slain by an orc
             ... wielding a +0 mace
              (6 damage)
             ... on level 6 of the Dungeon.
             The game lasted 00:09:04 (5035 turns).

Kahsius the Ruffian (Pale Draconian Transmuter)     Turns: 5035, Time: 00:09:05

Health: 0/70       AC:  6    Str: 14    XL:     8   Next: 11%
Magic:  11/11      EV: 12    Int: 15    God:
Gold:   272        SH:  0    Dex: 11    Spells: 8/11 levels left

rFire   . . .      SeeInvis .     - Unarmed
rCold   . . .      Faith    .   w - orb {*Rage}
rNeg    + . .      Spirit   .   (body armour unavailable)
rPois   .          Reflect  .   (helmet currently unavailable)
rElec   .          Harm     .   (no cloak)
rCorr   .          Rampage  .   (no gloves)
Will    .....      Rage     20% (boots currently unavailable)
Stlth   +.........              (no amulet)
HPRegen 0.21/turn               h - ring of positive energy
MPRegen 0.12/turn               (no ring)

@: appendages (expiring)
A: horns 2, talons 2, breathe steam, AC +6, unfitting armour, cold-blooded,
steam resistance
a: Breathe Steam, End Transformation


You were on level 6 of the Dungeon.
You had temporarily grown beastly horns and talons.
You visited 1 branch of the dungeon, and saw 6 of its levels.

You collected 272 gold pieces.

Inventory:

Armour
 d - a +0 pair of boots (melded)
 w - an orb of wrath (worn)
Jewellery
 h - a ring of positive energy (left hand)
Wands
 l - a wand of light (8)
 p - a wand of paralysis (14)
Scrolls
 b - 4 scrolls of vulnerability {unknown}
 f - a scroll of teleportation {unknown}
 g - 3 scrolls of amnesia {unknown}
 i - a scroll of torment {unknown}
 j - a scroll of noise {unknown}
 m - 2 scrolls of summoning {unknown}
 t - a scroll of silence {unknown}
 u - 2 scrolls of identify {unknown}
 v - a scroll of magic mapping {unknown}
Potions
 a - 2 potions of lignification
 c - a potion of attraction {unknown}
 e - a potion of cancellation {unknown}
 k - a potion of flight {unknown}
 n - a potion of might
 o - a potion of berserk rage {unknown}
 q - a potion of invisibility {unknown}
 r - a potion of degeneration {unknown}
 s - a potion of ambrosia {unknown}
 x - a potion of resistance {unknown}
 z - a potion of curing {unknown}
 A - a potion of heal wounds {unknown}


   Skills:
 + Level 6.0 Fighting
 - Level 1.7 Dodging
 + Level 6.3 Unarmed Combat
 - Level 2.0 Spellcasting
 + Level 5.8 Transmutations


You had 8 spell levels left.
You knew the following spells:

 Your Spells              Type           Power      Damage    Failure   Level
a - Beastly Appendage     Tmut           36%        N/A       1%          1
b - Wereblood             Tmut           18%        N/A       3%          2

Your spell library contained the following spells:

 Spells                   Type           Power      Damage    Failure   Level
 Spider Form              Tmut/Pois      10%        N/A       21%         3
 Summon Small Mammal      Summ           4%         N/A       22%         1
 Ignite Poison            Fire/Tmut/Pois 7%         N/A       30%         3
 Call Canine Familiar     Summ           1%         N/A       54%         3
 Gell's Gravitas          Tloc           1%         N/A       54%         3
 Lesser Beckoning         Tloc           1%         N/A       54%         3
 Mephitic Cloud           Conj/Pois/Air  1%         N/A       54%         3
 Summon Guardian Golem    Hex/Summ       1%         N/A       54%         3
 Teleport Other           Tloc           1%         N/A       54%         3
 Ice Form                 Ice/Tmut       10%        N/A       56%         4
 Summon Lightning Spire   Summ/Air       1%         N/A       91%         4
 Fireball                 Conj/Fire      0%         3d3       99%         5
 Starburst                Conj/Fire      0%         6d3       100%        6
 Storm Form               Tmut/Air       5%         N/A       100%        7
 Maxwell's Capacitive Co  Air            0%         ∞         100%        8


Dungeon Overview and Level Annotations

Branches:
Dungeon (6/15)
 Temple: D:4-7

Altars:
Dithmenos
Hepliaklqana

Shops:
D:2 [


Innate Abilities, Weirdness & Mutations

You have temporarily grown beastly horns and talons.
You can breathe blasts of scalding, opaque steam.
Your pale cyan-grey scales are hard. (AC +6)
You cannot fit into any form of body armour.
You are cold-blooded and may be slowed by cold attacks.
You are immune to the effects of steam.


Message History

The sky beast flickers out of sight!
Deactivating autopickup; reactivate with Ctrl-A.
The orc warrior misses you.
You barely miss the orc warrior.
You headbutt the orc warrior, but do no damage.
The orc warrior is lightly wounded.
The orc hits you with a +0 mace.
The orc warrior hits you with a +0 battleaxe!
You hit the orc warrior but do no damage.
Your kick misses the orc warrior.
You headbutt the orc warrior, but do no damage.
The orc warrior is lightly wounded.
The orc hits you but does no damage. The orc warrior barely misses you.
You closely miss the orc warrior. Your headbutt misses the orc warrior.
Your tail-slap misses the orc warrior.
The orc warrior is lightly wounded.
The orc barely misses you. The orc warrior misses you.
You hit the orc warrior but do no damage.
You claw the orc warrior.
You tail-slap the orc warrior, but do no damage.
The orc warrior is moderately wounded.
The orc warrior completely misses you. The orc barely misses you.
You hit the orc warrior. Your kick misses the orc warrior.
You headbutt the orc warrior, but do no damage.
The orc warrior is heavily wounded.
The orc hits you with a +0 mace.
The orc warrior hits you with a +0 battleaxe.
You hit the orc warrior. You claw the orc warrior.
You tail-slap the orc warrior, but do no damage.
The orc warrior is severely wounded.
The orc hits you with a +0 mace.
The orc warrior hits you with a +0 battleaxe!!
* * * LOW HITPOINT WARNING * * *
You punch the orc warrior!
You kill the orc warrior!
You recover from your berserk rage.
Your Fighting skill increases to level 6!
Your transformation is almost over.
The orc hits you with a +0 mace.
You die...

#............
#.....[......
#............
#++####.{..........
.......#........[.
#......##.....#...
#......#{.##### .
##..####o##
..####..##.@.#
#........[.###
#......†##### ######
##...........###....# #
..#.....#.......#....#
####>.....##.....#......#
..........##.....###....#
##.....##........###.>..#
......# ###............#


You could see an orc.

Vanquished Creatures
  A water moccasin (D:6)
  An orc warrior (D:6)
  A black bear (D:5)
  An ice beast (D:5)
  An ogre (D:5)
  A phantom (D:6)
  A bullfrog (D:3)
  3 necrophages
  A scorpion (D:5)
  2 hounds
  Terence (D:2)
  3 iguanas
  An adder (D:4)
  A worm (D:3)
  3 dart slugs
  15 orcs
  5 bats (D:1)
  5 endoplasms
  3 giant cockroaches
  6 goblins
  8 hobgoblins
  3 jackals (D:4)
  6 kobolds
  2 quokkas
  4 ball pythons
  3 frilled lizards
  2 rats
84 creatures vanquished.

Notes
Turn   | Place    | Note
-------+----------+-------------------------------------------
     0 | D:1      | Kahsius the Draconian Transmuter began the quest for the
                  | Orb.
     0 | D:1      | Reached XP level 1. HP: 16/16 MP: 3/3
   241 | D:1      | Reached XP level 2. HP: 23/23 MP: 1/5
   644 | D:1      | Reached XP level 3. HP: 29/29 MP: 4/6
  1068 | D:2      | Noticed Terence
  1168 | D:2      | Killed Terence
  1343 | D:2      | Found Keffokaj's Armour Emporium.
  1585 | D:2      | Reached XP level 4. HP: 37/37 MP: 5/7
  2029 | D:3      | Found a shadowy altar of Dithmenos.
  2053 | D:3      | Found a hazy altar of Hepliaklqana.
  2529 | D:4      | Noticed a necrophage
  2575 | D:4      | Learned a level 2 spell: Wereblood
  2744 | D:4      | Noticed a bullfrog
  2764 | D:3      | Killed a bullfrog
  2765 | D:3      | Reached XP level 5. HP: 20/45 MP: 8/8
  3030 | D:4      | Reached XP level 6. HP: 38/52 MP: 5/9
  3535 | D:5      | Entered Level 5 of the Dungeon
  3698 | D:5      | Reached skill level 5 in Unarmed Combat
  3762 | D:5      | Got the Secrets of the Overcast Inferno
  3824 | D:5      | Your scales start taking on a pale cyan-grey colour.
  3824 | D:5      | Reached XP level 7. HP: 12/60 MP: 8/10
  3824 | D:5      | Gained mutation: You are immune to the effects of steam.
                  | [Pale Draconian growth]
  4302 | D:5      | Reached skill level 5 in Fighting
  4371 | D:5      | Reached skill level 5 in Transmutations
  4955 | D:6      | Identified the +2 leather armour "Pueruh" {*Slow rF+++ rN+
                  | Int-2}
  4995 | D:6      | Reached XP level 8. HP: 70/70 MP: 9/11
  5035 | D:6      | Slain by an orc

Illustrated notes

Levels and vault maps discovered:
D:1:      dpeg_arrival_orchard, layout_basic
D:2:      layout_loops_cross, serial_shops, shop, uniq_terence
D:3:      layout_rooms, nicolae_dithmenos_the_darkroom,
          nzn_hepliaklqana_mist_gate
D:4:      layout_basic, hex_large, kennysheep_diamond, kennysheep_generic_room_2
D:5:      layout_basic
D:6:      layout_rooms, nicolae_overflow_hallway_of_the_gods,
          chequers_mini_garden, kennysheep_generic_room_5

Skill      XL: |  1  2  3  4  5  6  7  8 |
---------------+-------------------------+-----
Fighting       | 2 3 4 5 6 |  6.0
Transmutations | 3 4 5 |  5.8
Unarmed Combat | 4 5 6 |  6.3
Dodging        | |  1.7
Spellcasting   | |  2.0

Action                   |  1- 3 |  4- 6 |  7- 9 || total
-------------------------+-------+-------+-------++-------
Melee: Unarmed           |    90 |    97 |    63 ||   250
       Kick              |    23 |    22 |    18 ||    63
       Tailslap          |     9 |    12 |     9 ||    30
       Headbutt          |     5 |    18 |    12 ||    35
       Punch             |       |     1 |       ||     1
 Cast: Beastly Appendage |    26 |    21 |    11 ||    58
       Wereblood         |       |     1 |       ||     1
 Stab: Sleeping          |     1 |       |       ||     1
Armor: Skin              |    33 |    24 |    10 ||    67
Dodge: Dodged            |    69 |    59 |    34 ||   162
